 Dungeon Crawl Stone Soup version 0.29.0-4-gdea44cf6ec (webtiles) character file.

Game seed: 8370053442136255543

18 qw the Caller (level 2, -1/23 HPs)
             Began as a Ghoul Summoner on Sept 9, 2022.
             Slain by a hobgoblin (3 damage)
             ... on level 1 of the Dungeon.
             The game lasted 00:00:23 (1090 turns).

qw the Caller (Ghoul Summoner)                      Turns: 1090, Time: 00:00:23

Health: -1/23      AC:  2    Str: 11    XL:     2   Next: 70%
Magic:  0/3        EV: 12    Int: 10    God:
Gold:   9          SH:  0    Dex:  9    Spells: 3/4 levels left

rFire   . . .      SeeInvis .   d - +0 club
rCold   + . .      Faith    .   (no shield)
rNeg    + + +      Spirit   .   a - +0 robe
rPois   inf        Reflect  .   (no helmet)
rElec   .          Harm     .   (no cloak)
rCorr   .          Rampage  .   (no gloves)
Will    .....                   (no boots)
Stlth   ++........              (no amulet)
HPRegen 0.00/turn               (no ring)
MPRegen 0.08/turn               (no ring)

@: inhibited regen
A: claws 1, cold resistance 1, negative energy resistance 3, inhibited
regeneration, torment resistance 2, devour on kill
a: no special abilities


You were on level 1 of the Dungeon.
You visited 1 branch of the dungeon, and saw 1 of its levels.

You collected 9 gold pieces.


Innate Abilities, Weirdness & Mutations

You are immune to poison.
You have sharp fingernails.
Your flesh is cold resistant. (rC+)
You are immune to negative energy. (rN+++)
You do not regenerate when monsters are visible.
You are immune to unholy pain and torment.
You thrive by killing the living.


   Skills:
 - Level 1.1 Fighting
 + Level 1.6 Axes
 - Level 1.7 Dodging
 - Level 2.1 Stealth
 - Level 1.7 Spellcasting
 - Level 3.6 Summonings


You had 3 spell levels left.
You knew the following spells:

 Your Spells              Type           Power      Damage    Failure   Level
a - Summon Small Mammal   Summ           32%        N/A       8%          1

Your spell library contained the following spells:

 Spells                   Type           Power      Damage    Failure   Level
 Call Imp                 Summ           8%         N/A       11%         2
 Call Canine Familiar     Summ           8%         N/A       22%         3
 Summon Guardian Golem    Hex/Summ       4%         N/A       43%         3
 Summon Lightning Spire   Summ/Air       4%         N/A       83%         4

Inventory:

Hand Weapons
 d - a +0 club (weapon)
Armour
 a - a +0 robe (worn)
 e - a +0 ring mail
Scrolls
 c - a scroll of enchant weapon {unknown}
Potions
 b - a potion of magic
 f - a potion of invisibility {unknown}

Dungeon Overview and Level Annotations

Branches:
Dungeon (1/15)

Altars:


Message History

The rat is heavily wounded.
The rat closely misses you.
You hit the rat.
You kill the rat!
You hit the ball python.
The ball python is moderately wounded.
The ball python closely misses you. x2; The ball python misses you.
The ball python grabs you. The ball python constricts you.
You hit the ball python.
You kill the ball python!
The hobgoblin closely misses you.
You closely miss the hobgoblin.
The hobgoblin is heavily wounded.
The hobgoblin hits you.
You closely miss the hobgoblin.
The hobgoblin is heavily wounded.
The hobgoblin hits you.
You barely miss the hobgoblin.
The hobgoblin is heavily wounded.
The hobgoblin closely misses you.
You barely miss the hobgoblin.
The hobgoblin is heavily wounded.
The hobgoblin hits you. The hobgoblin closely misses you.
1086 ||| CASTING Summon Small Mammal
Casting: Summon Small Mammal (safe; 8% risk of failure)
Confirm with . or Enter, or press ? or * to list all spells.
The hobgoblin hits you.
You barely miss the hobgoblin.
The hobgoblin is heavily wounded.
The hobgoblin misses you.
You barely miss the hobgoblin.
The hobgoblin is heavily wounded.
The hobgoblin hits you.
You completely miss the hobgoblin.
The hobgoblin is heavily wounded.
The hobgoblin hits you.
You barely miss the hobgoblin.
The hobgoblin is heavily wounded.
The hobgoblin misses you. The hobgoblin hits you.
You die...

##################
#.................
#.################ #.##.#
#.#$##.# #S#.##.# #.#.##b#
#.#.##r# # #.#.##@# #
#.#.#.##g#
.##.#.#..S..J################
..........%..................
...#g?............##########
.....##########.##.# ....
.....##.# ...
#####.#.##.######
#.......##......#####


You could see an endoplasm, a hobgoblin (ally target), a friendly bat (summoned)
and a friendly rat (summoned).

Vanquished Creatures
  2 dart slugs (D:1)
  A ball python (D:1)
  2 goblins (D:1)
  2 hobgoblins (D:1)
  A rat (D:1)
8 creatures vanquished.

Vanquished Creatures (collateral kills)
  An endoplasm (D:1)
  4 bats (D:1)
5 creatures vanquished.

Grand Total: 13 creatures vanquished

Notes
Turn   | Place    | Note
-------+----------+-------------------------------------------
     0 | D:1      | qw the Ghoul Summoner began the quest for the Orb.
     0 | D:1      | Reached XP level 1. HP: 14/14 MP: 2/2
     0 | D:1      | 0 ||| qw: Version: 0.1-a-113-g051387a
     0 | D:1      | 0 ||| qw: Game counter: 7127
     0 | D:1      | 0 ||| qw: Always use a shield: true
     0 | D:1      | 0 ||| qw: God list: Okawaru
     0 | D:1      | 0 ||| qw: Allow faded altars: false
     0 | D:1      | 0 ||| qw: Do Orc after D:15 true
     0 | D:1      | 0 ||| qw: Do second Lair branch before Depths: true
     0 | D:1      | 0 ||| qw: Lair rune preference: random
     0 | D:1      | 0 ||| qw: Plans: Normal
     0 | D:1      | 0 ||| PLANNING D:1-11
    13 | D:1      | 13 ||| CASTING Summon Small Mammal
    14 | D:1      | 14 ||| CASTING Summon Small Mammal
    26 | D:1      | 26 ||| CASTING Summon Small Mammal
    67 | D:1      | 67 ||| Wielding weapon +0 club.
    85 | D:1      | 85 ||| CASTING Summon Small Mammal
    86 | D:1      | 86 ||| CASTING Summon Small Mammal
   131 | D:1      | 131 ||| CASTING Summon Small Mammal
   132 | D:1      | 132 ||| CASTING Summon Small Mammal
   162 | D:1      | 162 ||| CASTING Summon Small Mammal
   163 | D:1      | 163 ||| CASTING Summon Small Mammal
   169 | D:1      | Reached skill level 1 in Axes
   177 | D:1      | 177 ||| CASTING Summon Small Mammal
   185 | D:1      | Reached XP level 2. HP: 22/22 MP: 1/3
   275 | D:1      | Found a faded altar of an unknown god.
   276 | D:1      | 276 ||| CASTING Summon Small Mammal
   277 | D:1      | 277 ||| CASTING Summon Small Mammal
   278 | D:1      | 278 ||| CASTING Summon Small Mammal
   287 | D:1      | 287 ||| CASTING Summon Small Mammal
   299 | D:1      | 299 ||| CASTING Summon Small Mammal
   364 | D:1      | 364 ||| Stepping ~*~*~tactically~*~*~ (hiding).
   466 | D:1      | 466 ||| Stepping ~*~*~tactically~*~*~ (hiding).
   568 | D:1      | 568 ||| Stepping ~*~*~tactically~*~*~ (hiding).
   670 | D:1      | 670 ||| Stepping ~*~*~tactically~*~*~ (hiding).
   673 | D:1      | 673 ||| CASTING Summon Small Mammal
   674 | D:1      | 674 ||| CASTING Summon Small Mammal
   676 | D:1      | 676 ||| CASTING Summon Small Mammal
   682 | D:1      | Reached skill level 1 in Fighting
   869 | D:1      | 869 ||| CASTING Summon Small Mammal
   870 | D:1      | 870 ||| CASTING Summon Small Mammal
   871 | D:1      | 871 ||| CASTING Summon Small Mammal
   999 | D:1      | 999 ||| CASTING Summon Small Mammal
  1000 | D:1      | 1000 ||| CASTING Summon Small Mammal
  1001 | D:1      | 1001 ||| CASTING Summon Small Mammal
  1006 | D:1      | 1006 ||| Stepping ~*~*~tactically~*~*~ (hiding).
  1012 | D:1      | 1012 ||| CASTING Summon Small Mammal
  1053 | D:1      | 1053 ||| CASTING Summon Small Mammal
  1054 | D:1      | 1054 ||| CASTING Summon Small Mammal
  1055 | D:1      | 1055 ||| CASTING Summon Small Mammal
  1057 | D:1      | 1057 ||| Stepping ~*~*~tactically~*~*~ (stealth).
  1062 | D:1      | 1062 ||| Stepping ~*~*~tactically~*~*~ (outnumbered).
  1063 | D:1      | 1063 ||| Stepping ~*~*~tactically~*~*~ (outnumbered).
  1064 | D:1      | 1064 ||| Stepping ~*~*~tactically~*~*~ (outnumbered).
  1065 | D:1      | 1065 ||| Stepping ~*~*~tactically~*~*~ (outnumbered).
  1066 | D:1      | 1066 ||| CASTING Summon Small Mammal
  1067 | D:1      | 1067 ||| Stepping ~*~*~tactically~*~*~ (stealth).
  1076 | D:1      | 1076 ||| CASTING Summon Small Mammal
  1086 | D:1      | 1086 ||| CASTING Summon Small Mammal
  1088 | D:1      | HP: 4/23 [hobgoblin (4)]
  1090 | D:1      | Slain by a hobgoblin

Levels and vault maps discovered:
D:1:      minmay_arrival_glassed_features, layout_basic,
          shapermc_ecumenical_altar_mp_highgroup

Skill      XL: |  1  2 |
---------------+-------+-----
Axes           | 1 |  1.6
Fighting       | 1 |  1.1
Dodging        | |  1.7
Stealth        | |  2.1
Spellcasting   | |  1.7
Summonings     | |  3.6

Action                   || total
-------------------------++-------
Melee: Club              ||    48
       Unarmed           ||     1
 Cast: Summon Small Mamm ||    26
Armor: Robe              ||    11
Dodge: Dodged            ||    47

Table legend:
 A = Non-vault XP
 B = Vault XP
 C = Vault XP percentage of total XP
 D = Non-vault monster count
 E = Vault monster count
 F = Vault count percentage of total count
                 A         B        C        D         E       F
            +---------+---------+-------+---------+---------+-------
      Total |      27 |       0 |   0.0 |      13 |       0 |   0.0
            +---------+---------+-------+---------+---------+-------
        D:1 |      27 |       0 |   0.0 |      13 |       0 |   0.0
            +---------+---------+-------+---------+---------+-------
